General information
- name: BNet
- type: Ladder team game (AT/RT)
- host: Battle.net
- saver: Grinch
map: TwilightRuins
- players: 8
- length: 45:34
- speed: Fast
- version: 1.26 W3XP
- replay type: Public
» download(253 KB)
Players
team 1 (loser)
mlmlmlmlmlmlmlm (
red | 45 APM | 412 actions | 09:14)
2 Mountain King
1 Storm Bolt
1 Bash
» actions
| Assign group hotkey | 12 | |
| Basic commands | 4 | |
| Build / train | 41 | |
| Enter build submenu | 12 | |
| Enter hero's abilities submenu | 2 | |
| Right click | 147 | |
| Select / deselect | 80 | |
| Select group hotkey | 87 | |
| Use ability | 27 | |
412 total
» units
» upgrades
» buildings
| Altar of Kings | 1 | |
| Farm | 6 | |
| Blacksmith | 1 | |
| Barracks | 1 | |
| Scout Tower | 5 | |
| Arcane Tower | 4 | |
| Lumber Mill | 1 | |
| Arcane Vault | 1 | |
| Town Hall | 1 | |
| Guard Tower | 3 | |
| Keep | 1 | |
25 total
» build order
00:10 Altar of Kings
00:18 Farm
00:46 Blacksmith
01:12 Barracks
01:24 Scout Tower
01:48 Farm
01:49 Farm
01:51 Farm
02:37 Arcane Tower
02:38 Arcane Tower
02:38 Arcane Tower
04:21 Lumber Mill
04:30 Farm
04:31 Farm
04:40 Arcane Vault
05:17 Town Hall
05:23 Scout Tower
05:25 Scout Tower
05:26 Scout Tower
05:27 Scout Tower
06:41 Guard Tower
06:48 Guard Tower
06:50 Guard Tower
07:39 Keep
» items
| Scroll of Regeneration | 1 | |
| Lesser Clarity Potion | 1 | |
| Scroll of Town Portal | 1 | |
| Potion of Lesser Invulnerability | 1 | |
4 total

»
frizzlegooch (
yellow | 25 APM | 499 actions | 19:42)
4 Demon Hunter
2 Immolation
2 Evasion
» actions
| Assign group hotkey | 8 | |
| Build / train | 64 | |
| Enter build submenu | 20 | |
| Enter hero's abilities submenu | 4 | |
| Remove unit from queue | 3 | |
| Right click | 100 | |
| Select / deselect | 223 | |
| Select group hotkey | 36 | |
| Use ability | 41 | |
499 total
» units
| Wisp | 29 | |
| Huntress | 6 | |
| Druid of the Claw | 11 | |
46 total
» upgrades
| Upgrade Moon Glaive | 1 | |
| Strength of the Moon | 1 | |
| Moon Armor | 1 | |
| Strength of the Wild | 1 | |
| Reinforced Hides | 1 | |
| Druid of the Claw Training | 2 | |
| Mark of the Claw | 1 | |
8 total
» buildings
| Altar of Elders | 1 | |
| Moon Well | 10 | |
| Hunter's Hall | 1 | |
| Ancient of War | 2 | |
| Tree of Ages | 1 | |
| Tree of Eternity | 1 | |
| Tree of Life | 1 | |
| Ancient of Wind | 1 | |
| Ancient Protector | 4 | |
| Chimaera Roost | 3 | |
| Ancient of Lore | 2 | |
27 total
» build order
00:25 Altar of Elders
00:27 Moon Well
00:31 Moon Well
01:33 Hunter's Hall
02:35 Ancient of War
02:36 Ancient of War
02:42 Moon Well
03:46 Tree of Ages
04:36 Moon Well
06:08 Tree of Eternity
06:14 Tree of Life
06:26 Ancient of Wind
06:33 Moon Well
06:58 Ancient Protector
06:59 Ancient Protector
07:45 Moon Well
09:36 Chimaera Roost
09:40 Chimaera Roost
10:02 Chimaera Roost
10:49 Ancient of Lore
10:53 Ancient of Lore
12:40 Ancient Protector
12:50 Ancient Protector
14:27 Moon Well
14:29 Moon Well
14:30 Moon Well
15:29 Moon Well

»
PlanetPiss (
teal | 57 APM | 1119 actions | 19:36)
5 Demon Hunter
2 Immolation
3 Mana Burn
3 Priestess of the Moon
2 Trueshot Aura
1 Searing Arrows
» actions
| Assign group hotkey | 27 | |
| Basic commands | 123 | |
| Build / train | 82 | |
| ESC pressed | 4 | |
| Enter build submenu | 20 | |
| Enter hero's abilities submenu | 8 | |
| Give item / drop item | 1 | |
| Right click | 154 | |
| Select / deselect | 350 | |
| Select group hotkey | 283 | |
| Use ability | 67 | |
1119 total
» units
| Wisp | 29 | |
| Archer | 7 | |
| Hippogryph | 5 | |
| Chimaera | 14 | |
55 total
» upgrades
| Strength of the Wild | 2 | |
| Reinforced Hides | 2 | |
| Druid of the Talon Training | 1 | |
| Corrosive Breath | 1 | |
| Hippogryph Taming | 1 | |
| Well Spring | 1 | |
8 total
» buildings
| Moon Well | 8 | |
| Ancient of War | 1 | |
| Altar of Elders | 1 | |
| Ancient of Wonders | 1 | |
| Tree of Ages | 1 | |
| Hunter's Hall | 1 | |
| Tree of Life | 1 | |
| Ancient of Wind | 1 | |
| Ancient Protector | 1 | |
| Tree of Eternity | 1 | |
| Chimaera Roost | 3 | |
| Guard Tower | 1 | |
21 total
» build order
00:14 Moon Well
00:18 Ancient of War
00:19 Altar of Elders
01:46 Moon Well
02:02 Ancient of Wonders
03:00 Moon Well
03:51 Tree of Ages
04:24 Hunter's Hall
05:32 Tree of Life
06:02 Moon Well
06:29 Ancient of Wind
06:57 Ancient Protector
07:21 Tree of Eternity
09:48 Chimaera Roost
09:49 Chimaera Roost
09:51 Chimaera Roost
10:18 Guard Tower
10:39 Moon Well
12:34 Moon Well
12:35 Moon Well
12:36 Moon Well
» items
| Dust of Appearance | 1 | |
| Lesser Clarity Potion | 1 | |
| Potion of Lesser Invulnerability | 1 | |
| Potion of Invulnerability | 1 | |
| Scroll of Town Portal | 1 | |
5 total
SantaClaus (
purple | 114 APM | 5196 actions | 45:33)
9 Archmage
3 Summon Water Elemental
3 Brilliance Aura
1 Mass Teleport
2 Blizzard
» actions
| Assign group hotkey | 91 | |
| Basic commands | 108 | |
| Build / train | 323 | |
| ESC pressed | 23 | |
| Enter build submenu | 121 | |
| Enter hero's abilities submenu | 9 | |
| Give item / drop item | 11 | |
| Right click | 1590 | |
| Select / deselect | 759 | |
| Select group hotkey | 1828 | |
| Use ability | 333 | |
5196 total
» units
| Peasant | 39 | |
| Footman | 8 | |
| Goblin Shredder | 4 | |
| Goblin Zeppelin | 4 | |
| Gryphon Rider | 6 | |
| Dragonhawk Rider | 5 | |
66 total
» upgrades
| Defend | 1 | |
| Masonry | 4 | |
| Swords | 3 | |
| Backpack | 1 | |
| Armor | 3 | |
| Lumber Harvesting | 2 | |
| Animal War Training | 1 | |
| Storm Hammers | 1 | |
| Cloud | 1 | |
| Plating | 3 | |
| Gunpowder | 3 | |
| Magic Sentry | 1 | |
| Sorceress Training | 2 | |
| Priest Training | 2 | |
| Control Magic | 1 | |
| Long Rifles | 1 | |
| Flak Cannons | 1 | |
| Flying Machine Bombs | 1 | |
| Barrage | 1 | |
| Fragmentation Shards | 1 | |
| Flare | 1 | |
35 total
» buildings
| Barracks | 1 | |
| Altar of Kings | 1 | |
| Farm | 12 | |
| Lumber Mill | 1 | |
| Arcane Vault | 1 | |
| Town Hall | 6 | |
| Scout Tower | 80 | |
| Arcane Tower | 7 | |
| Guard Tower | 115 | |
| Keep | 15 | |
| Blacksmith | 1 | |
| Castle | 14 | |
| Gryphon Aviary | 4 | |
| Ancient Protector | 1 | |
| Arcane Sanctum | 1 | |
| Workshop | 4 | |
264 total
» build order
00:10 Barracks
00:12 Altar of Kings
00:28 Farm
01:06 Farm
01:43 Lumber Mill
01:55 Farm
02:36 Farm
03:16 Arcane Vault
03:46 Town Hall
04:35 Farm
04:56 Scout Tower
04:58 Scout Tower
05:01 Scout Tower
05:03 Scout Tower
05:05 Scout Tower
05:22 Arcane Tower
05:22 Arcane Tower
05:24 Guard Tower
05:24 Guard Tower
05:25 Guard Tower
05:29 Guard Tower
05:30 Guard Tower
05:35 Guard Tower
05:35 Guard Tower
05:42 Guard Tower
05:42 Guard Tower
05:42 Guard Tower
05:55 Scout Tower
06:30 Guard Tower
07:35 Farm
08:18 Keep
08:18 Keep
08:23 Scout Tower
08:24 Scout Tower
08:25 Scout Tower
08:26 Scout Tower
08:53 Blacksmith
08:56 Scout Tower
08:58 Guard Tower
08:58 Guard Tower
08:58 Guard Tower
08:59 Guard Tower
08:59 Guard Tower
08:59 Guard Tower
09:03 Guard Tower
09:03 Guard Tower
09:22 Scout Tower
09:23 Scout Tower
09:23 Scout Tower
09:24 Scout Tower
09:25 Scout Tower
09:26 Scout Tower
09:32 Scout Tower
09:33 Scout Tower
09:37 Scout Tower
09:39 Scout Tower
09:53 Guard Tower
09:54 Guard Tower
09:57 Scout Tower
09:58 Scout Tower
09:58 Scout Tower
09:59 Scout Tower
09:59 Scout Tower
10:00 Scout Tower
10:01 Scout Tower
10:02 Scout Tower
10:03 Scout Tower
10:29 Guard Tower
10:29 Guard Tower
10:29 Guard Tower
10:30 Guard Tower
10:30 Guard Tower
10:31 Guard Tower
10:31 Guard Tower
10:32 Guard Tower
10:32 Guard Tower
10:32 Guard Tower
10:37 Scout Tower
10:39 Scout Tower
10:39 Scout Tower
10:42 Guard Tower
10:42 Guard Tower
10:57 Guard Tower
10:58 Guard Tower
11:04 Scout Tower
11:05 Scout Tower
11:06 Scout Tower
11:08 Scout Tower
11:08 Scout Tower
11:10 Scout Tower
11:10 Guard Tower
11:11 Guard Tower
11:11 Guard Tower
11:14 Scout Tower
11:16 Scout Tower
11:17 Scout Tower
11:19 Scout Tower
11:21 Scout Tower
11:29 Castle
11:29 Castle
11:29 Castle
11:35 Scout Tower
11:36 Scout Tower
11:42 Scout Tower
11:55 Guard Tower
11:55 Guard Tower
11:55 Guard Tower
12:03 Guard Tower
12:03 Guard Tower
12:03 Guard Tower
12:03 Guard Tower
12:04 Guard Tower
12:04 Guard Tower
12:05 Guard Tower
12:05 Guard Tower
12:06 Guard Tower
12:13 Guard Tower
12:13 Guard Tower
12:17 Arcane Tower
12:17 Arcane Tower
12:17 Guard Tower
12:17 Guard Tower
12:18 Guard Tower
12:18 Guard Tower
12:31 Farm
12:36 Farm
13:34 Gryphon Aviary
13:36 Gryphon Aviary
13:38 Gryphon Aviary
13:41 Gryphon Aviary
17:56 Farm
18:02 Farm
19:46 Ancient Protector
21:14 Town Hall
21:16 Scout Tower
21:50 Guard Tower
21:50 Guard Tower
23:20 Scout Tower
23:21 Scout Tower
23:22 Scout Tower
23:31 Scout Tower
23:33 Scout Tower
23:35 Scout Tower
23:49 Guard Tower
23:49 Guard Tower
24:22 Guard Tower
24:22 Guard Tower
24:54 Guard Tower
24:54 Guard Tower
25:57 Scout Tower
25:58 Scout Tower
25:59 Scout Tower
26:00 Scout Tower
26:02 Scout Tower
26:16 Town Hall
26:17 Scout Tower
26:18 Scout Tower
26:19 Scout Tower
26:19 Scout Tower
26:20 Scout Tower
27:10 Guard Tower
27:11 Guard Tower
27:14 Guard Tower
29:13 Farm
29:46 Farm
30:03 Town Hall
30:23 Scout Tower
30:25 Scout Tower
30:54 Guard Tower
30:54 Guard Tower
30:55 Guard Tower
30:55 Guard Tower
30:58 Scout Tower
31:00 Scout Tower
31:35 Guard Tower
31:35 Guard Tower
31:37 Scout Tower
31:38 Scout Tower
31:45 Scout Tower
31:51 Scout Tower
31:52 Scout Tower
31:53 Scout Tower
31:55 Scout Tower
31:57 Scout Tower
31:59 Scout Tower
32:02 Scout Tower
32:04 Scout Tower
32:06 Scout Tower
32:08 Keep
32:08 Keep
32:13 Guard Tower
32:14 Guard Tower
32:15 Keep
32:16 Keep
32:16 Keep
32:23 Guard Tower
32:24 Guard Tower
32:50 Guard Tower
32:50 Guard Tower
32:50 Guard Tower
33:46 Guard Tower
33:46 Guard Tower
34:53 Arcane Sanctum
37:56 Town Hall
38:28 Town Hall
40:18 Castle
40:18 Castle
40:18 Castle
40:22 Workshop
40:24 Workshop
40:26 Workshop
40:30 Workshop
41:27 Castle
41:27 Castle
41:28 Castle
43:21 Keep
43:21 Keep
43:24 Keep
43:24 Keep
43:24 Keep
» items
| Scroll of Regeneration | 9 | |
| Periapt of Vitality | 4 | |
| Staff of Teleportation | 1 | |
| Scroll of Town Portal | 3 | |
| Lesser Clarity Potion | 1 | |
| Potion of Healing | 4 | |
| Orb of Fire | 1 | |
| Mechanical Critter | 3 | |
26 total
team 2 (winner)

»
XxPainTrainxX (
pink | 44 APM | 1637 actions | 37:18)
5 Dark Ranger
3 Black Arrow
2 Silence
3 Priestess of the Moon
2 Trueshot Aura
1 Searing Arrows
» actions
| Assign group hotkey | 33 | |
| Basic commands | 17 | |
| Build / train | 112 | |
| Enter build submenu | 26 | |
| Enter hero's abilities submenu | 8 | |
| Remove unit from queue | 3 | |
| Right click | 580 | |
| Select / deselect | 408 | |
| Select group hotkey | 391 | |
| Use ability | 59 | |
1637 total
» units
| Wisp | 36 | |
| Archer | 10 | |
| Dryad | 12 | |
| Druid of the Claw | 9 | |
| Glaive Thrower | 3 | |
70 total
» upgrades
| Strength of the Wild | 3 | |
| Reinforced Hides | 3 | |
| Abolish Magic | 1 | |
| Druid of the Claw Training | 2 | |
| Moon Armor | 0 | |
| Mark of the Claw | 1 | |
10 total
» buildings
| Altar of Elders | 1 | |
| Moon Well | 9 | |
| Ancient of War | 3 | |
| Tree of Ages | 10 | |
| Hunter's Hall | 1 | |
| Tree of Life | 4 | |
| Tree of Eternity | 2 | |
| Ancient of Lore | 6 | |
36 total
» build order
00:35 Altar of Elders
00:40 Moon Well
00:50 Ancient of War
01:12 Moon Well
03:12 Tree of Ages
03:12 Tree of Ages
04:04 Hunter's Hall
04:18 Tree of Life
04:46 Moon Well
05:40 Tree of Eternity
06:06 Ancient of Lore
06:26 Ancient of Lore
07:29 Tree of Eternity
08:14 Moon Well
08:56 Moon Well
09:38 Moon Well
10:10 Moon Well
16:41 Tree of Life
21:15 Tree of Life
21:43 Tree of Ages
22:08 Tree of Life
25:38 Tree of Ages
25:38 Tree of Ages
25:39 Tree of Ages
28:01 Ancient of Lore
28:07 Ancient of Lore
28:10 Ancient of Lore
28:24 Ancient of Lore
28:46 Ancient of War
28:50 Ancient of War
31:31 Moon Well
32:52 Moon Well
Fallen_Eros (
green | 85 APM | 2694 actions | 31:46)
7 Death Knight
3 Death Coil
3 Unholy Aura
1 Animate Dead
5 Lich
3 Frost Nova
2 Frost Armor
» actions
| Assign group hotkey | 33 | |
| Basic commands | 77 | |
| Build / train | 96 | |
| Enter build submenu | 39 | |
| Enter hero's abilities submenu | 12 | |
| Give item / drop item | 1 | |
| Remove unit from queue | 2 | |
| Right click | 960 | |
| Select / deselect | 321 | |
| Select group hotkey | 1065 | |
| Use ability | 88 | |
2694 total
» units
| Acolyte | 26 | |
| Ghoul | 6 | |
| Crypt Fiend | 4 | |
| Goblin Shredder | 1 | |
| Obsidian Statue | 2 | |
| Abomination | 2 | |
| Frost Wyrm | 2 | |
43 total
» upgrades
| Cannibalize | 1 | |
| Creature Carapace | 3 | |
| Web | 1 | |
| Burrow | 1 | |
| Creature Attack | 3 | |
| Ghoul Frenzy | 1 | |
| Destroyer Form | 1 | |
| Disease Cloud | 1 | |
| Unholy Strength | 1 | |
| Freezing Breath | 1 | |
| Unholy Armor | 2 | |
| Banshee Training | 1 | |
| Necromancer Training | 1 | |
| Skeletal Longevity | 1 | |
19 total
» buildings
| Altar of Darkness | 1 | |
| Crypt | 2 | |
| Ziggurat | 10 | |
| Graveyard | 3 | |
| Nerubian Tower | 1 | |
| Tomb of Relics | 2 | |
| Halls of the Dead | 1 | |
| Necropolis | 3 | |
| Sacrificial Pit | 1 | |
| Slaughterhouse | 2 | |
| Black Citadel | 1 | |
| Temple of the Damned | 1 | |
| Boneyard | 2 | |
30 total
» build order
00:20 Altar of Darkness
00:23 Crypt
00:35 Ziggurat
01:08 Graveyard
01:35 Ziggurat
01:44 Nerubian Tower
01:56 Tomb of Relics
02:26 Ziggurat
03:34 Halls of the Dead
04:50 Crypt
06:47 Necropolis
06:51 Ziggurat
07:49 Sacrificial Pit
09:32 Slaughterhouse
09:33 Black Citadel
09:37 Temple of the Damned
10:52 Slaughterhouse
10:58 Graveyard
11:16 Ziggurat
11:20 Ziggurat
11:31 Ziggurat
12:31 Necropolis
12:34 Necropolis
13:26 Boneyard
13:29 Boneyard
17:35 Graveyard
21:05 Ziggurat
21:32 Tomb of Relics
21:36 Ziggurat
21:37 Ziggurat
» items
| Periapt of Vitality | 2 | |
| Scroll of Town Portal | 5 | |
| Potion of Lesser Invulnerability | 1 | |
| Boots of Speed | 1 | |
| Circlet of Nobility | 1 | |
| Scroll of Protection | 1 | |
| Scroll of Healing | 1 | |
| Potion of Healing | 1 | |
| Orb of Corruption | 1 | |
14 total

»
WiX2011 (
orange | 23 APM | 1061 actions | 45:33)
5 Blademaster
2 Wind Walk
3 Critical Strike
3 Shadow Hunter
1 Hex
2 Healing Wave
4 Tauren Chieftain
2 Endurance Aura
2 War Stomp
» actions
| Basic commands | 88 | |
| Build / train | 70 | |
| ESC pressed | 2 | |
| Enter build submenu | 34 | |
| Enter hero's abilities submenu | 11 | |
| Right click | 324 | |
| Select / deselect | 450 | |
| Use ability | 82 | |
1061 total
» units
» upgrades
| Armor | 3 | |
| Melee Weapons | 3 | |
| Reinforced Defenses | 1 | |
| Spiked Barricades | 2 | |
9 total
» buildings
| Orc Burrow | 6 | |
| Altar of Storms | 1 | |
| Voodoo Lounge | 1 | |
| War Mill | 1 | |
| Stronghold | 1 | |
| Fortress | 1 | |
| Tauren Totem | 2 | |
| Great Hall | 5 | |
| Watch Tower | 16 | |
34 total
» build order
00:22 Orc Burrow
00:26 Altar of Storms
01:33 Voodoo Lounge
02:06 War Mill
02:20 Stronghold
02:54 Orc Burrow
03:52 Orc Burrow
04:59 Fortress
05:01 Orc Burrow
06:08 Orc Burrow
07:38 Tauren Totem
07:41 Tauren Totem
09:35 Orc Burrow
14:33 Great Hall
14:58 Watch Tower
15:09 Watch Tower
17:01 Watch Tower
17:05 Watch Tower
17:06 Watch Tower
17:10 Watch Tower
17:31 Watch Tower
17:37 Watch Tower
18:17 Watch Tower
19:18 Watch Tower
20:38 Great Hall
21:29 Watch Tower
21:30 Watch Tower
21:34 Watch Tower
21:37 Watch Tower
21:41 Watch Tower
24:18 Great Hall
24:26 Great Hall
24:50 Watch Tower
25:06 Great Hall
» items
| Lesser Clarity Potion | 1 | |
| Scroll of Speed | 1 | |
| Healing Salve | 1 | |
3 total
Grinch (
blue | 56 APM | 2538 actions | 45:34)
7 Archmage
3 Summon Water Elemental
3 Brilliance Aura
1 Mass Teleport
» actions
| Assign group hotkey | 39 | |
| Basic commands | 313 | |
| Build / train | 79 | |
| Enter build submenu | 62 | |
| Enter hero's abilities submenu | 7 | |
| Give item / drop item | 7 | |
| Remove unit from queue | 2 | |
| Right click | 620 | |
| Select / deselect | 460 | |
| Select group hotkey | 775 | |
| Use ability | 174 | |
2538 total
» units
| Peasant | 12 | |
| Footman | 5 | |
| Goblin Shredder | 2 | |
| Gryphon Rider | 14 | |
33 total
» upgrades
| Masonry | 3 | |
| Storm Hammers | 1 | |
| Swords | 3 | |
| Animal War Training | 1 | |
| Armor | 3 | |
| Cloud | 1 | |
12 total
» buildings
| Altar of Kings | 1 | |
| Barracks | 1 | |
| Farm | 12 | |
| Keep | 1 | |
| Town Hall | 7 | |
| Scout Tower | 43 | |
| Lumber Mill | 1 | |
| Arcane Vault | 1 | |
| Castle | 1 | |
| Blacksmith | 2 | |
| Gryphon Aviary | 5 | |
| Guard Tower | 12 | |
87 total
» build order
00:37 Altar of Kings
00:38 Barracks
00:52 Farm
01:05 Farm
01:06 Farm
01:42 Farm
01:42 Farm
03:19 Keep
03:55 Town Hall
03:59 Scout Tower
04:01 Scout Tower
04:03 Scout Tower
04:16 Lumber Mill
05:33 Arcane Vault
06:32 Castle
06:59 Blacksmith
07:01 Blacksmith
07:16 Gryphon Aviary
07:21 Gryphon Aviary
07:21 Gryphon Aviary
07:21 Gryphon Aviary
07:26 Gryphon Aviary
07:59 Town Hall
09:44 Farm
13:49 Scout Tower
13:50 Scout Tower
13:50 Scout Tower
13:51 Scout Tower
13:51 Scout Tower
13:53 Scout Tower
13:53 Scout Tower
13:54 Scout Tower
13:54 Scout Tower
13:55 Scout Tower
13:57 Scout Tower
13:57 Scout Tower
14:03 Guard Tower
14:06 Scout Tower
14:06 Scout Tower
14:06 Scout Tower
14:07 Scout Tower
14:07 Scout Tower
14:12 Scout Tower
14:12 Scout Tower
14:13 Scout Tower
14:13 Scout Tower
14:13 Scout Tower
14:14 Scout Tower
14:15 Scout Tower
14:15 Scout Tower
14:16 Scout Tower
14:27 Farm
14:28 Farm
14:31 Farm
14:31 Farm
14:33 Guard Tower
14:44 Guard Tower
14:47 Guard Tower
16:25 Guard Tower
16:27 Guard Tower
17:29 Guard Tower
17:43 Farm
17:46 Farm
23:20 Town Hall
23:26 Scout Tower
23:26 Scout Tower
23:27 Scout Tower
23:27 Scout Tower
23:28 Scout Tower
23:29 Scout Tower
23:30 Scout Tower
23:31 Scout Tower
23:31 Scout Tower
23:32 Scout Tower
23:32 Scout Tower
24:45 Town Hall
25:05 Guard Tower
25:25 Scout Tower
25:28 Scout Tower
25:36 Scout Tower
25:42 Guard Tower
25:59 Guard Tower
26:26 Guard Tower
29:43 Town Hall
29:50 Town Hall
30:44 Town Hall
» items
| Boots of Speed | 1 | |
| Periapt of Vitality | 2 | |
| Staff of Teleportation | 1 | |
| Scroll of Regeneration | 3 | |
| Orb of Corruption | 1 | |
| Potion of Healing | 1 | |
| Scroll of Town Portal | 1 | |
10 total
Chat log
(00:09 / All) Fallen_Eros: WHAT SMELLS LIKE PISS
(00:09 / All) Grinch: Ah Santa Claus, my archnemesis
(00:19 / All) Grinch: Your underwear
(00:31 / All) Fallen_Eros: C-C-C-CYEAH!
(00:37 / All) PlanetPiss: :)
(00:43 / All) SantaClaus: Ho-ho-ho-ho! What can I get all you children this year?
(00:48 / All) SantaClaus: Will you be naughty or will you be nice?
(00:51 / All) Fallen_Eros: (I DO COCAINE)
(00:55 / All) frizzlegooch: thats nice
(00:56 / All) Grinch: A television
(00:57 / All) Grinch: food
(01:04 / All) PlanetPiss: best character of all time
(01:12 / All) frizzlegooch: the grinch and santa are here?
(01:13 / All) frizzlegooch: wtf
(01:18 / All) PlanetPiss: definitely based on david lee roth
(01:21 / All) Fallen_Eros: IM DR ROCKSO THE ROCK'N ROLL CLOWWWN
(01:32 / All) SantaClaus: Ho-ho-ho! It is the holiday season with holiday cheer! Both of us have the same idea in mind!
(01:39 / All) Fallen_Eros: aw, i fucked up my base build
(01:56 / Allies) WiX2011: are u rushing pink
(02:09 / Allies) XxPainTrainxX: if u want me to
(02:13 / Allies) Fallen_Eros: r u doing some weird resource bit oj?
(02:16 / Allies) WiX2011: are u rushingblue
(02:39 / Allies) Grinch: I ain't
(03:01 / Allies) WiX2011: whos getten air
(03:05 / Allies) WiX2011: should i go taurens
(05:04 / Allies) WiX2011: lets hit expos
(05:37 / Allies) WiX2011: lets get exopos
(05:54 / Allies) WiX2011: green
(05:55 / Allies) WiX2011: come
(06:00 / Allies) WiX2011: pink
(06:01 / Allies) WiX2011: come
(06:46 / Allies) WiX2011: green
(06:47 / Allies) WiX2011: come
(07:48 / Allies) WiX2011: gogog
(09:20 / All) Fallen_Eros: he sucked
(10:04 / Allies) WiX2011: they prolly goin air
(10:31 / Allies) XxPainTrainxX: i got drys
(11:15 / Allies) WiX2011: eb
(11:17 / Allies) WiX2011: web
(11:26 / Allies) XxPainTrainxX: our gryph
(11:27 / Allies) Fallen_Eros: blue is us
(11:29 / Allies) WiX2011: ok
(11:30 / Allies) WiX2011: lol
(11:40 / Allies) WiX2011: or expo?
(12:14 / Allies) WiX2011: killexpos
(12:41 / Allies) WiX2011: blue
(12:43 / Allies) WiX2011: i need gold
(12:44 / Allies) WiX2011: wood
(13:09 / Allies) Fallen_Eros: nope
(13:09 / Allies) XxPainTrainxX: b
(13:10 / Allies) XxPainTrainxX: b
(13:30 / Allies) WiX2011: ineedgold and wood blue
(13:40 / Allies) Grinch: hang on
(13:49 / Allies) WiX2011: u got 6k
(14:16 / Allies) WiX2011: yello main
(14:18 / Allies) Fallen_Eros: force tp
(14:54 / Allies) WiX2011: gold and wood now
(15:05 / Allies) WiX2011: gold and wood for topwer
(15:07 / Allies) WiX2011: or i die
(16:43 / All) frizzlegooch: gg
(16:49 / All) SantaClaus: Not over yet
(17:13 / Allies) WiX2011: gold and wood
(17:16 / Allies) WiX2011: pleaaaaaaaaaase
(17:21 / Allies) WiX2011: blue
(17:24 / Allies) WiX2011: u got 8k
(17:24 / Allies) XxPainTrainxX: 8k lol
(17:56 / All) Fallen_Eros: jeeze what am i spending gold on
(18:15 / Allies) XxPainTrainxX: first
(20:31 / All) WiX2011: u cant win
(20:33 / All) WiX2011: leave plz
(20:42 / All) SantaClaus: Yes I can
(20:47 / All) WiX2011: no
(20:49 / All) WiX2011: u cant
(20:50 / All) SantaClaus: I was just born today, suddenly YES I CAN!
(20:58 / All) SantaClaus: I can climb mount everest, YES I CAN!
(21:52 / Allies) Fallen_Eros: yup
(21:54 / Allies) Fallen_Eros: thats happening
(22:20 / Allies) XxPainTrainxX: guess no more drys comin
(22:25 / Allies) XxPainTrainxX: lol blue
(22:27 / Allies) XxPainTrainxX: give me gold
(22:32 / Allies) Grinch: Do I look like a bank?
(22:34 / Allies) WiX2011: hes
(22:37 / Allies) WiX2011: such
(22:38 / Allies) WiX2011: a
(22:40 / Allies) WiX2011: hoarder
(22:41 / Allies) XxPainTrainxX: yeah u got 9k 3 mins
(22:57 / All) WiX2011: hehe
(23:02 / Allies) Grinch: If I gave every beggar some gold I wouldn't have any left for myself
(23:08 / Allies) XxPainTrainxX: lol
(23:11 / Allies) XxPainTrainxX: jackass
(23:30 / Allies) WiX2011: good name blue
(23:51 / Allies) Grinch: You can't have something for nothing that's just good business sense
(24:01 / All) XxPainTrainxX: purple ur just such a mild inconvenience
(24:38 / Allies) XxPainTrainxX: 10k
(24:40 / Allies) XxPainTrainxX: seriously
(24:40 / Allies) Fallen_Eros: what are you guys doing
(24:43 / Allies) WiX2011: he killed
(24:44 / Allies) XxPainTrainxX: ill pay interest
(24:46 / Allies) WiX2011: my expos now
(24:53 / Allies) XxPainTrainxX: thats good interest
(24:57 / Allies) Grinch: Can't have you hogging up the gold
(25:00 / Allies) WiX2011: u know i have no gold?
(25:00 / Allies) Grinch: It's rightfully mine
(25:13 / Allies) XxPainTrainxX: no dont u know how banks and the economy work?
(25:13 / Allies) Grinch: Well tell it to the salvation army
(25:19 / Allies) Grinch: You'll get no sympathy from me
(25:31 / Allies) WiX2011: 10000 gold
(25:41 / Allies) WiX2011: spare a little grinch?
(25:51 / Allies) XxPainTrainxX: this game would be done in 2 minutes if u werent such a little bitch
(25:52 / All) SantaClaus: Are you having fun green?
(25:53 / All) SantaClaus: I am
(25:55 / Allies) WiX2011: i literally ran out of gold
(26:19 / All) Grinch: My heart is 10 sizes too small, some say
(26:56 / Allies) WiX2011: blue
(26:57 / Allies) XxPainTrainxX: mass tp is gonna be a bitch
(26:58 / Allies) WiX2011: stop plz
(27:01 / Allies) WiX2011: i need gold
(27:02 / Allies) WiX2011: u know that
(27:07 / Allies) Grinch: I'll be expanding there someday
(27:13 / Allies) Grinch: When the veins run dry elsewhere
(27:25 / Allies) WiX2011: bl;ue
(27:30 / Allies) WiX2011: why are u killing my expos
(27:31 / Allies) XxPainTrainxX: lol
(27:47 / Allies) Grinch: You shan't leave with my gold
(28:04 / Allies) WiX2011: someone save me plz
(28:44 / Allies) Fallen_Eros: wtf blue
(28:52 / Allies) WiX2011: blue is
(28:57 / Allies) WiX2011: going to
(29:00 / Allies) WiX2011: kill all of us
(29:08 / Allies) Grinch: These are my gold mines
(29:13 / Allies) Grinch: I have claimed them all
(29:23 / Allies) WiX2011: why dont u help us
(29:24 / Allies) Grinch: Venture on my lands at your own peril
(29:24 / Allies) WiX2011: blue
(29:53 / Allies) XxPainTrainxX: blue end the game
(29:55 / Allies) XxPainTrainxX: kill purple
(29:56 / Allies) XxPainTrainxX: lol
(29:59 / Allies) Grinch: I have gold to mine
(30:35 / All) Fallen_Eros: you knew blue is tk, no?
(30:38 / All) SantaClaus: Yes
(30:46 / All) Fallen_Eros: oh right, you two work together
(30:47 / All) Fallen_Eros: clever
(30:49 / All) SantaClaus: yeah
(30:57 / Allies) WiX2011: lets all go for purp
(31:06 / Allies) Fallen_Eros: with what
(31:12 / Allies) Fallen_Eros: pink u still there>
(31:16 / Allies) XxPainTrainxX: yep
(31:22 / Allies) Fallen_Eros: lets go
(31:46 / Allies) XxPainTrainxX: that such explorer
(31:47 / All) Grinch: Some people have chickenhearts
(31:48 / All) SantaClaus: Would you like a better router for Christmas, green?
(31:51 / All) Grinch: Luckily I'm not one of them
(31:55 / Allies) XxPainTrainxX: oj take green
(31:58 / Allies) XxPainTrainxX: lets take out purp
(32:06 / All) Grinch: Whenever someone ventures on my land I'm quick to end them
(32:16 / Allies) WiX2011: pink
(32:17 / Allies) WiX2011: go
(32:35 / Allies) XxPainTrainxX: hes got ur mine
(32:36 / Allies) WiX2011: main first
(32:43 / Allies) Grinch: Shall I bring the cavalry, gentlemen?
(32:57 / Allies) WiX2011: pink
(32:58 / Allies) WiX2011: go
(33:02 / All) Grinch: Would you like some assistance?
(33:07 / All) Grinch: Shall I bring the cavalry?
(33:21 / All) SantaClaus: Yes sir
(34:27 / All) Grinch: Pesky, pesky dryads
(35:22 / Allies) XxPainTrainxX: im gonna tk you every time i see you again
(35:53 / Allies) Grinch: I rather doubt it
(35:56 / Allies) WiX2011: i just wanna see
(35:58 / Allies) XxPainTrainxX: lol
(36:00 / Allies) WiX2011: the blue grinch
(36:00 / Allies) XxPainTrainxX: no
(36:04 / Allies) WiX2011: grinch
(36:06 / Allies) WiX2011: ur gunna
(36:07 / All) Grinch: Won't somebody rid me of these turbulent dryads?
(36:08 / Allies) WiX2011: get coal
(36:12 / Allies) WiX2011: in a few weeks
(36:54 / Allies) XxPainTrainxX: purple taking ur ventures lol
(37:00 / Allies) XxPainTrainxX: ur not even succeeding in ur bsing
(37:41 / All) Grinch: he tried to attack my base and started getting pierced by those spindly towers
(37:45 / Allies) WiX2011: now
(37:48 / Allies) WiX2011: hes killing
(37:50 / Allies) WiX2011: purp
(38:01 / All) Grinch: That was accidental
(38:09 / All) SantaClaus: I know
(38:23 / All) Grinch: Orange is talking in allies
(38:26 / All) Grinch: but not addressing me
(38:31 / All) SantaClaus: What is he saying?
(38:36 / All) Grinch: (there's nobody else here)
(38:37 / All) WiX2011: hmm
(38:41 / All) Grinch: that I was attacking you
(39:03 / All) WiX2011: well hes lucky he has to do nothing about actually winning this game
(39:11 / All) WiX2011: i raped u guys
(39:15 / All) WiX2011: ;)
(39:18 / All) SantaClaus: I molested green with mass tp
(39:35 / All) WiX2011: so
(39:43 / All) WiX2011: are you guys gunna fight it out?
(39:45 / All) SantaClaus: I showed my dominance
(39:46 / All) Grinch: Nay sir
(39:47 / All) WiX2011: lol
(39:51 / All) Grinch: You are to lose
(39:57 / All) WiX2011: we will c
(40:32 / All) WiX2011: if i lose blue loses
(40:37 / All) WiX2011: so whats it gonna b blue
(40:38 / All) SantaClaus: Who cares?
(40:39 / All) SantaClaus: He is 0-0
(40:44 / All) WiX2011: yeah
(40:50 / All) WiX2011: hes gotta kill everything
(40:56 / All) WiX2011: that can take a while
(40:58 / All) SantaClaus: We do this regularly it is really no issue
(41:04 / All) WiX2011: o?
(41:13 / All) WiX2011: your game has already lasted forever
(41:32 / All) WiX2011: ur lucky i didnt own u first purp
(41:42 / All) SantaClaus: Sure I am
(41:44 / All) Grinch: Luck has nothing to do with it
(41:44 / All) SantaClaus: No luck, just skill
(41:48 / All) WiX2011: o?
(41:49 / All) SantaClaus: You couldn't have if you wanted to
(41:55 / All) WiX2011: 1v1?
(41:58 / All) SantaClaus: Sure
(41:59 / All) Grinch: Enjoy your loss, motherfucker
(42:04 / All) WiX2011: u will lose?
(42:10 / All) SantaClaus: I don't know. Will I?
(42:11 / All) SantaClaus: I don't think so
(42:16 / All) WiX2011: i know u will
(42:18 / All) Grinch: Want to 1v1 me orange?|
(42:21 / All) WiX2011: turtles always lose
(42:28 / All) Grinch: I'll 1v1 you orange
(42:33 / All) WiX2011: no its not
(42:38 / All) WiX2011: turtling loses in 4s
(42:38 / All) SantaClaus: Yes it is
(42:39 / All) WiX2011: everytime
(42:40 / All) Grinch: I'm more experienced 1v1 try your luck on me
(42:41 / All) SantaClaus: Look what just happened
(42:43 / All) SantaClaus: I won because of it bro
(42:45 / All) Grinch: You won't show tho
(42:45 / All) WiX2011: less you have backstabber
(42:51 / All) WiX2011: u won b/c of blue
(42:58 / All) SantaClaus: I have a high win rate with turtling in ordinary games
(43:01 / All) WiX2011: i will show
(43:05 / All) WiX2011: i will own you 2
(43:14 / All) Grinch: You want 2v1 or 1v1 me?
(43:15 / All) SantaClaus: lol
(43:23 / All) WiX2011: grinch
(43:30 / All) WiX2011: u guys are nothing special
(43:41 / All) SantaClaus: Yes we are, we are ladder superstars
(43:47 / All) WiX2011: hah
(43:49 / All) SantaClaus: We have our own reality TV show
(43:51 / All) SantaClaus: No, better than that
(43:53 / All) WiX2011: whats ur account
(43:58 / All) SantaClaus: Dssn@Northrend
(44:00 / All) Grinch: go to the channel batman begins after game
(44:03 / All) SantaClaus: I use it for forum posting nothing else really
(44:13 / All) WiX2011: i will c u there
(44:15 / All) WiX2011: if you show
(44:16 / All) SantaClaus: Alright
(44:19 / All) SantaClaus: We will
(44:24 / All) SantaClaus: Can you host?
(44:25 / All) Grinch: purple will host
(44:31 / All) SantaClaus: I should be able to but I reinstalled so not sure anymore
(44:37 / All) Grinch: can you host orange
(44:46 / All) WiX2011: of course
(44:52 / All) SantaClaus: What map?
(44:57 / All) WiX2011: a "ladder superstar" cant host
(45:00 / All) WiX2011: thats a joke
(45:02 / All) SantaClaus: I can host
(45:03 / All) WiX2011: if i ever heard one
(45:05 / All) SantaClaus: I just reinstalled recently
(45:09 / All) SantaClaus: so not sure if it's still set correctly
(45:11 / All) Grinch: You don't need to host to play ladder lol
(45:20 / All) WiX2011: noob style
(45:23 / All) WiX2011: ^^
(45:28 / All) SantaClaus: I never play customs to know whether I can host or not, last time I checked I can